 Dungeon Crawl Stone Soup version 0.25.0-11-g1f837a7 (webtiles) character file.

Game seed: 352805872586162612

61 shmeve the Chopper (level 3, -12/49 HPs)
             Began as a Minotaur Berserker on June 24, 2020.
             Was a Believer of Trog.
             Killed by divine providence
             ... invoked by an orc priest
              (14 damage)
             ... on level 3 of the Dungeon.
             The game lasted 00:02:08 (1853 turns).

shmeve the Chopper (Minotaur Berserker)             Turns: 1853, Time: 00:02:09

Health: -12/49     AC:  2    Str: 21    XL:     3   Next: 83%
Magic:  2/2        EV: 12    Int:  5    God:    Trog [**....]
Gold:   130        SH:  0    Dex:  9    Spells: 2/2 levels left

rFire    . . .     SeeInvis .   a - +0 hand axe
rCold    . . .     Gourm    .   (no shield)
rNeg     . . .     Faith    .   b - +0 animal skin
rPois    .         Spirit   .   (helmet restricted)
rElec    .         Reflect  .   (no cloak)
rCorr    .         Harm     .   (no gloves)
MR       .....                  (no boots)
Stlth    ..........             (no amulet)
HPRegen  0.16/turn              (no ring)
MPRegen  0.08/turn              (no ring)

@: berserking, very quick
A: retaliatory headbutt, horns 2
a: Berserk, Trog's Hand, Renounce Religion


You were on level 3 of the Dungeon.
You worshipped Trog.
Trog was pleased with you.
You were hungry.

You visited 1 branch of the dungeon, and saw 3 of its levels.

You collected 130 gold pieces.

Inventory:

Hand Weapons
 a - a +0 hand axe (weapon)
Armour
 b - a +0 animal skin (worn)
 o - a +0 buckler
Jewellery
 e - a cursed amulet of inaccuracy {unknown}
Scrolls
 d - 7 scrolls of identify {unknown}
 h - a scroll of teleportation {unknown}
Potions
 g - a potion of invisibility {unknown}
 i - 2 potions of might {unknown}
 j - 2 potions of ambrosia {unknown}
 k - 2 potions of lignification {unknown}
 l - a potion of flight {unknown}
 m - a potion of haste {unknown}
 n - a potion of resistance {unknown}
Comestibles
 c - 4 rations
 f - 7 chunks of flesh


   Skills:
 - Level 4.2 Fighting
 - Level 4.3 Axes
 - Level 1.0 Throwing
 - Level 2.8 Armour
 - Level 2.4 Dodging
 + Level 1.5 Shields


You had 2 spell levels left.
You didn't know any spells.
Your spell library was empty.

Dungeon Overview and Level Annotations

Branches:
Dungeon (3/15)

Altars:


Innate Abilities, Weirdness & Mutations

You reflexively headbutt those who attack you in melee.
You have a pair of horns on your head.


Message History

You slash the orc!
You kill the orc!
Trog accepts your kill.
The orc priest mumbles some strange prayers to Beogh against you.
Beogh smites you!
You closely miss the orc priest. The orc priest barely misses you.
You hit the orc priest.
You headbutt the orc priest, but do no damage.
The orc priest is moderately wounded.
The orc priest hits you with a +0 war axe!
* * * LOW HITPOINT WARNING * * *
Unknown command.
A red film seems to cover your vision as you go berserk!
You feel yourself moving faster!
You feel mighty!
You are feeling hungry.
You closely miss the orc priest.
The orc priest is moderately wounded.
The orc priest invokes the aid of Beogh against you.
Beogh smites you!
You die...

.....#..# #.......
#.##.#.# #.##.#.########
#.##.#.#...(...
.#####.##.#...#
.......>..##÷.#
........#.##..##########
#######.#.......@oooo...
#.#.##..##########
#.#.##..#
#######.#.##..#
........#.##..#
#.........##...
..#####...###.##
#.##..........#
......÷.....###


You could see an orc priest and 3 orcs.

Vanquished Creatures
  An adder (D:3)
  2 dart slugs (D:1)
  2 orcs (D:3)
  2 hobgoblins (D:1)
  5 jackals (D:2)
  A quokka (D:2)
  5 bats
  4 frilled lizards
  8 goblins
  11 kobolds
  4 rats
45 creatures vanquished.

Notes
Turn   | Place    | Note
-------+----------+-------------------------------------------
     0 | D:1      | shmeve the Minotaur Berserker began the quest for the Orb.
     0 | D:1      | Reached XP level 1. HP: 19/19 MP: 0/0
   317 | D:1      | Reached XP level 2. HP: 27/27 MP: 1/1
   692 | D:1      | Reached ** piety under Trog
  1033 | D:2      | Reached XP level 3. HP: 26/33 MP: 2/2
  1035 | D:2      | Reached skill level 1 in Throwing
  1836 | D:3      | Reached skill level 1 in Shields
  1851 | D:3      | HP: 1/33 [orc priest/+0 war axe (9)]
  1853 | D:3      | Killed from afar by an orc priest

Illustrated notes

Levels and vault maps discovered:
D:1:      nzn_arrival_depleted_hourglass, layout_loops_ring,
          hangedman_decor_riveting
D:2:      layout_loops_ring
D:3:      cheibrodos_thug_alley, layout_loops_ring, first_ration,
          chequers_ecumenical_altar_grove

Skill      XL: |  1  2  3 |
---------------+----------+-----
Fighting       | 4 |  4.2
Axes           | 4 |  4.3
Throwing       | 1 |  1.0
Shields        | 1 |  1.5
Armour         | |  2.8
Dodging        | |  2.4

Action                   || total
-------------------------++-------
Melee: Hand axe          ||    79
       Headbutt          ||     7
Invok: Berserk           ||     1
  Eat: Chunk             ||     3
Armor: Animal skin       ||    17
Dodge: Dodged            ||    55
